 Dungeon Crawl Stone Soup version 0.31-a0-795-g5eb97db20b (webtiles) character file.

Game seed: 13889768376917864462

809 ytrimaz the Ruffian (level 7, -9/52 HPs)
             Began as a Red Draconian Shapeshifter on Sept 19, 2023.
             Was an Initiate of Wu Jian.
             Killed by divine providence
             ... invoked by an orc priest
              (14 damage)
             ... on level 6 of the Dungeon.
             The game lasted 00:04:48 (5425 turns).

ytrimaz the Ruffian (Red Draconian Shapeshifter)    Turns: 5425, Time: 00:04:49

Health: -9/52      AC:  6    Str: 16    XL:     7   Next: 61%
Magic:  7/7        EV: 12    Int: 11    God:    Wu Jian [......]
Gold:   360        SH:  0    Dex: 12    Spells: 6/6 levels left

rFire   + .          .
                       - Unarmed
rCold   . . .        (no shield)
rNeg    . . .        (body armour unavailable)
rPois   .            (helmet currently unavailable)
rElec   .            (cloak currently unavailable)
rCorr   .            (gloves currently unavailable)
SInv    .            (boots currently unavailable)
Will    .....        (no amulet)
Stlth   +            t - +4 ring of slaying
HPRegen 0.28/turn    (no ring)
MPRegen 0.10/turn

%: no passive effects
@: short of breath, beast-form
A: beast (slay +3), breathe fire, AC +6, unfitting armour, fire resistance 1,
cold-blooded
a: Breathe Fire, Begin Untransformation, Renounce Religion


You were on level 6 of the Dungeon.
You worshipped Wu Jian.
Wu Jian was noncommittal.
You were a hulking beast.
You visited 2 branches of the dungeon, and saw 7 of its levels.

You collected 360 gold pieces.


Innate Abilities, Weirdness & Mutations

You are a hulking beast.
Your limbs bulge with bestial killing power. (Slay +3)
You can breathe blasts of fire.
Your fiery red scales are hard. (AC +6)
You cannot fit into any form of body armour.
Your flesh is heat resistant. (rF+)
You are cold-blooded and may be slowed by cold attacks.


   Skills:
 - Level 1.1 Fighting
 - Level 1.7 Dodging
 + Level 6.8 Unarmed Combat
 + Level 6.3 Shapeshifting


You had 6 spell levels left.
You didn't know any spells.
Your spell library contained the following spells:

 Spells                   Type           Power      Damage    Failure   Level
 Freeze                   Ice            0%         1d3       34%         1
 Sting                    Tmut/Pois      0%         1d3       34%         1
 Poisonous Vapours        Pois/Air       0%         N/A       47%         2
 Frozen Ramparts          Ice            0%         1d1       71%         3
 Hailstorm                Conj/Ice       0%         3d3       71%         3
 Olgreb's Toxic Radiance  Pois           0%         N/A       98%         4

Inventory:

Jewellery
 k - a ring of magical power
   (You found it on level 2 of the Dungeon)
 t - a +4 ring of slaying (left hand)
   (You found it on level 3 of the Dungeon)
Talismans
 b - a beast talisman (active)
 c - a flux talisman
Wands
 l - a wand of digging (3)
   (You found it on level 2 of the Dungeon)
 p - a wand of charming (12)
   (You found it on level 2 of the Dungeon)
 w - a wand of light (10)
   (You found it on level 4 of the Dungeon)
 A - a wand of flame (4)
   (You found it on level 5 of the Dungeon)
Scrolls
 d - a scroll of acquirement {unknown}
 f - a scroll of fog {unknown}
 i - a scroll of summoning {unknown}
 m - a scroll of vulnerability {unknown}
 n - 2 scrolls of enchant weapon {unknown}
 o - a scroll of torment {unknown}
 q - a scroll of fear {unknown}
 r - 5 scrolls of identify {unknown}
 u - 2 scrolls of teleportation {unknown}
 x - a scroll of silence {unknown}
 y - a scroll of revelation {unknown}
Potions
 a - 3 potions of lignification
 e - a potion of might {unknown}
 g - 2 potions of haste {unknown}
 h - a potion of brilliance {unknown}
 j - a potion of magic {unknown}
 s - a potion of curing {unknown}
 v - a potion of enlightenment {unknown}
 z - a potion of berserk rage {unknown}
 B - a potion of heal wounds {unknown}

Dungeon Overview and Level Annotations

Branches:
Dungeon (6/15) Zot: 26963  Temple (1/1) D:5 Zot: 5929

Altars:
Ashenzari
Dithmenos
Elyvilon
Fedhas
Gozag
Hepliaklqana
Kikubaaqudgha
Makhleb
Nemelex Xobeh
Okawaru
Qazlal
Ru
Sif Muna
Trog
Uskayaw
Vehumet
Wu Jian
Xom
Yredelemnul
Zin
The Shining One

#....).............
##......#.#...#...
##..####.#..##.#
##.##.oo###....##..# .
#.....{o#......##..# ..
#.....##{......#...##...
...#....o..##.##>.......
..###...##..#...........
## #... #..hh##<.......
#...# ##............#
##.. #............. #..
###........... ##.
#............
..............
##....###....). ..#).#
......


You could see a hound, an orc priest and 2 orcs.


Message History

😕 HP[-8]
You take 8 damage, and now have 41/52 hp.
Unknown command.
The orc priest looks braver for a moment.
The orc warrior closely misses you. The hound misses you.
The hound attacks as it pursues you! The hound bites you.
The orc warrior closely misses you. 😕 HP[-1]
You take 1 damage, and now have 40/52 hp.
The orc warrior barely misses you. The orc attacks as it pursues you!
The orc closely misses you. The hound barely misses you. 😕 HP[+1]
The hound attacks as it pursues you! The hound barely misses you.
The orc attacks as it pursues you! The orc barely misses you.
The hound attacks as it pursues you! The hound bites you.
The orc priest casts a cantrip, but nothing happens.
The hound bites you but does no damage. 😕 HP[-1]
You take 1 damage, and now have 40/52 hp.
Aiming: Breathe Fire (5% risk of failure)
Press: ? - help, Q - select action, (/) - cycle Shift-Dir - straight line, f - orc warrior
Aim: an orc warrior, wielding a +0 glaive and wearing a +0 chain mail of fire resistance (64% to hit)
You fail to use your ability.
The hound bites you but does no damage. 😕 HP[+1] Unknown command.
Unknown command.
Aiming: Breathe Fire (5% risk of failure)
Press: ? - help, Q - select action, (/) - cycle Shift-Dir - straight line, f/p - orc warrior
Aim: an orc warrior, wielding a +0 glaive and wearing a +0 chain mail of fire resistance (64% to hit)
You breathe a blast of fire.
The fiery breath hits the hound!
The fiery breath hits the orc warrior.
The orc warrior resists.
The hound closely misses you.
The orc warrior is engulfed in blazing flames.
The orc warrior hits you but does no damage.
The hound bites you. 😕 HP[-1]
You take 1 damage, and now have 40/52 hp.
Unknown command.
You miss the hound.
An orc wizard comes into view. It is wielding a +0 dagger.
The orc warrior is engulfed in blazing flames.
The orc warrior hits you from afar with a +0 glaive!
The hound barely misses you. 😮 HP[-9]
You take 9 damage, and now have 31/52 hp.
You completely miss the hound.
The orc wizard shouts!
You punch the hound. The hound misses you.
The orc warrior is engulfed in blazing flames.
The orc warrior closely misses you.
The orc priest casts a cantrip, but nothing happens.
Unknown command.
You punch the hound!
You kill the hound!
The Council accepts your kill.
The orc warrior is engulfed in blazing flames.
The orc warrior closely misses you. 😮 HP[+1]
You hit the orc.
Your tail-slap misses the orc.
Your punch misses the orc. The orc closely misses you.
The sky beast flickers out of sight!
The orc warrior is engulfed in blazing flames.
The orc warrior hits you from afar with a +0 glaive!!
* * * LOW HITPOINT WARNING * * *
The orc priest calls upon Beogh to heal the orc warrior.
The orc warrior is healed somewhat. 😨 HP[-18]
You take 18 damage, and now have 14/52 hp.
MASSIVE DAMAGE!! (PAUSE)
You barely miss the orc. The hound bites you.
* * * LOW HITPOINT WARNING * * *
The orc hits you with a +0 flail.
* * * LOW HITPOINT WARNING * * *
The orc warrior is engulfed in blazing flames.
The orc warrior closely misses you. 😱 HP[-5]
You take 5 damage, and now have 9/52 hp.
Unknown command.
The hound bites you.
* * * LOW HITPOINT WARNING * * *
The orc warrior is engulfed in blazing flames. 😱 HP[-3]
You take 3 damage, and now have 6/52 hp.
The hound attacks as it pursues you! The hound barely misses you.
The orc warrior is engulfed in blazing flames.
You kill the orc warrior!
The Council accepts your kill. 😱 HP[+1] Unknown command.
The hound barely misses you. The hound attacks as it pursues you!
The hound bites you.
* * * LOW HITPOINT WARNING * * *
A puff of flame appears from out of thin air!
The puff of flame misses you. 😱 HP[-2]
You take 2 damage, and now have 5/52 hp.
The orc priest mumbles some strange prayers to Beogh against you.
Beogh smites you!
You die...

Skill      XL: |  1  2  3  4  5  6  7 |
---------------+----------------------+-----
Unarmed Combat | 4 5 6 |  6.8
Shapeshifting  | 4 5 6 |  6.3
Fighting       | |  1.1
Dodging        | |  1.7

Action                     |  1- 3 |  4- 6 |  7- 9 || total
---------------------------+-------+-------+-------++-------
  Melee: Unarmed           |    97 |   121 |    28 ||   246
         Tailslap          |    10 |    15 |     4 ||    29
         Punch             |     5 |     4 |     1 ||    10
Ability: Lunge             |       |     2 |     1 ||     3
         Breathe Fire      |       |       |     3 ||     3
   Stab: Sleeping          |     1 |     2 |       ||     3
 Armour: Skin              |    40 |    66 |    40 ||   146
  Dodge: Dodged            |    38 |    60 |    39 ||   137

Levels and vault maps discovered:
D:1:      elethiomel_arrival_infinity_welcomes_careful_drivers,
          layout_loops_ring
D:2:      layout_basic, basic_ecumenical_altar, uniq_crazy_yiuf_cottage,
          uniq_terence
D:3:      layout_basic, brannock_xom_greatest_gift, okawaru_trees_2, minitemple,
          serial_park_tiny_pond, chequers_serial_rivers_micro_d,
          minmay_misc_feat_nine_boxes
D:4:      layout_loops_ring
D:5:      layout_loops_ring, temple_doors_e, minmay_misc_feat_alley,
          uniq_eustachio
D:6:      layout_cave_pools, serial_column_ruins, column_ruins_circle_small,
          column_ruins_corridor_T, column_ruins_open_large,
          column_ruins_corridor_corner, column_ruins_columns_corner,
          column_ruins_columns_corner, column_ruins_grid_1
Temple:   nicolae_temple_bog_church

Notes
Turn   | Place    | Note
-------+----------+-------------------------------------------
     0 | D:1      | ytrimaz the Draconian Shapeshifter began the quest for the
                  | Orb.
     0 | D:1      | Reached XP level 1. HP: 16/16 MP: 1/1
     0 | D:1      | magus.rc [v1.9.6]
   121 | D:1      | Reached XP level 2. HP: 14/23 MP: 2/2
   996 | D:2      | You add the spells Sting, Poisonous Vapours and Olgreb's
                  | Toxic Radiance to your library.
  1047 | D:2      | Reached XP level 3. HP: 28/28 MP: 3/3
  1257 | D:2      | Noticed Terence
  1269 | D:2      | HP: 6/28 [Terence/+0 falchion (3)]
  1271 | D:2      | Killed Terence
  1272 | D:2      | Reached skill level 4 in Unarmed Combat
  1406 | D:2      | Reached XP level 4. HP: 35/35 MP: 4/4
  1532 | D:2      | Found a faded altar of an unknown god.
  1679 | D:2      | Reached skill level 4 in Shapeshifting
  2990 | D:3      | Found an iron altar of Okawaru.
  3342 | D:3      | Found a shimmering altar of Xom.
  3413 | D:3      | Reached XP level 5. HP: 22/40 MP: 5/5
  3596 | D:3      | Found a glowing silver altar of Zin.
  3599 | D:3      | Found a radiant altar of Vehumet.
  4100 | D:4      | Reached skill level 5 in Unarmed Combat
  4420 | D:5      | Entered Level 5 of the Dungeon
  4518 | D:5      | Found a staircase to the Ecumenical Temple.
  4528 | D:5      | Noticed Eustachio
  4538 | D:5      | Killed Eustachio
  4539 | D:5      | Reached skill level 5 in Shapeshifting
  4539 | D:5      | Reached XP level 6. HP: 25/47 MP: 6/6
  4626 | D:5      | You pick up a book of Frost and begin reading...
  4626 | D:5      | You add the spells Freeze, Frozen Ramparts and Hailstorm to
                  | your library.
  4664 | Temple   | Entered the Ecumenical Temple
  4718 | Temple   | Became a worshipper of the Wu Jian Council
  4926 | D:5      | Reached skill level 6 in Unarmed Combat
  4926 | D:5      | Your scales start taking on a fiery red colour.
  4926 | D:5      | Reached XP level 7. HP: 39/52 MP: 7/7
  4926 | D:5      | Gained mutation: Your flesh is heat resistant. (rF+) [Red
                  | Draconian growth]
  5043 | D:5      | Reached skill level 6 in Shapeshifting
  5420 | D:6      | HP: 12/52 [hound (2)]
  5424 | D:6      | HP: 5/52 [hound (2)]
  5425 | D:6      | Killed from afar by an orc priest

Vanquished Creatures
  Eustachio (D:5)
  An orc warrior (D:6)
  An ogre (D:5)
  A centaur (D:5)
  A howler monkey (D:5)
  3 hounds
  A jelly (D:5)
  A sleepcap (D:5)
  Terence (D:2)
  2 iguanas (D:4)
  4 adders
  A white imp (D:5)
  3 worms (D:2)
  2 dart slugs
  13 orcs
  8 ball pythons
  6 endoplasms
  2 giant cockroaches (D:2)
  8 goblins
  4 hobgoblins
  4 jackals (D:1)
  3 quokkas
  5 bats
  5 frilled lizards
  8 kobolds
  6 rats
95 creatures vanquished.

Table legend:
 A = Non-vault XP
 B = Vault XP
 C = Vault XP percentage of total XP
 D = Non-vault monster count
 E = Vault monster count
 F = Vault count percentage of total count
                 A         B        C        D         E       F
            +---------+---------+-------+---------+---------+-------
      Total |     930 |     227 |  19.6 |      93 |       2 |   2.1
            +---------+---------+-------+---------+---------+-------
        D:1 |      40 |       0 |   0.0 |      24 |       0 |   0.0
        D:2 |      58 |      36 |  38.3 |      21 |       1 |   4.5
        D:3 |      73 |       0 |   0.0 |      20 |       0 |   0.0
        D:4 |     127 |       0 |   0.0 |      11 |       0 |   0.0
        D:5 |     451 |     191 |  29.8 |      14 |       1 |   6.7
        D:6 |     181 |       0 |   0.0 |       3 |       0 |   0.0
            +---------+---------+-------+---------+---------+-------

Skill      XL: |  1  2  3  4  5  6  7 |
---------------+----------------------+-----
Unarmed Combat | 4 5 6 |  6.8
Shapeshifting  | 4 5 6 |  6.3
Fighting       | |  1.1
Dodging        | |  1.7

Action                     |  1- 3 |  4- 6 |  7- 9 || total
---------------------------+-------+-------+-------++-------
  Melee: Unarmed           |    97 |   121 |    28 ||   246
         Tailslap          |    10 |    15 |     4 ||    29
         Punch             |     5 |     4 |     1 ||    10
Ability: Lunge             |       |     2 |     1 ||     3
         Breathe Fire      |       |       |     3 ||     3
   Stab: Sleeping          |     1 |     2 |       ||     3
 Armour: Skin              |    40 |    66 |    40 ||   146
  Dodge: Dodged            |    38 |    60 |    39 ||   137

Illustrated notes

Table legend:
 A = Kills in this place as a percentage of kills in the entire game.
 B = Kills by you in this place as a percentage of kills by you in the entire game.
 C = Kills by friends in this place as a percentage of kills by friends in the entire game.
 D = Other kills in this place as a percentage of other kills in the entire game.
 E = Experience gained in this place as a percentage of experience gained in the entire game.
 F = Experience gained in this place divided by the number of levels of this place that you have seen.
                   A       B       C       D       E      F
               +-------+-------+-------+-------+-------+----------------------
         Total | 100.0 | 100.0 |   N/A |   N/A | 100.0 | 165.3
       Dungeon | 100.0 | 100.0 |   N/A |   N/A | 100.0 | 192.8
               +-------+-------+-------+-------+-------+----------------------

Table legend: (Time is in decaauts)
 A = Elapsed time spent in this place.
 B = Non-inter-level travel time spent in this place.
 C = Inter-level travel time spent in this place.
 D = Time resting spent in this place.
 E = Time spent auto-exploring this place.
 F = Levels seen in this place.
 G = Mean time per level.
                   A        B        C        D        E       F      G
               +--------+--------+--------+--------+--------+-----+--------+
         Total |   5405 |   5086 |    319 |      0 |   4324 |   7 |  772.1 |
       Dungeon |   5334 |   5015 |    319 |      0 |   4324 |   6 |  889.0 |
        Temple |     70 |     70 |      0 |      0 |      0 |   1 |   70.0 |
               +--------+--------+--------+--------+--------+-----+--------+

Top non-repeatable levels by time:
     D:2: 2028 daAuts
     D:1: 929 daAuts
     D:5: 894 daAuts
     D:3: 733 daAuts
     D:4: 713 daAuts
  Temple: 70 daAuts
     D:6: 35 daAuts
